 Dungeon Crawl Stone Soup version 0.20-a0-984-ge8aa303 (webtiles) character file.

3912 MTVSty1e the Fighter (level 10, -5/85 HPs)
             Began as a Formicid Fighter on Apr 10, 2017.
             Slain by Erica
             ... wielding a +2 scimitar of flaming
              (6 damage)
             ... on level 8 of the Dungeon.
             The game lasted 00:27:09 (7556 turns).

MTVSty1e the Fighter (Formicid Fighter)             Turns: 7556, Time: 00:27:09

Health: -5/85      AC: 12    Str: 30    XL:     10   Next: 43%
Magic:  10/10      EV: 12    Int:  7    God:
Gold:   149        SH: 12    Dex: 10    Spells: 9/9 levels left

rFire    . . .     SeeInvis +   d - +0 broad axe (vamp)
rCold    + + +     Gourm    .   c - +0 shield
rNeg     . . .     Faith    .   i - +2 scale mail {MR+}
rPois    .         Spirit   .   (helmet unavailable)
rElec    .         Reflect  .   (no cloak)
rCorr    +         Harm     .   j - +0 pair of gloves
MR       +++..                  y - +0 pair of boots
Stlth    ..........             (no amulet)
Regen    0.3/turn               k - ring of protection from magic
MPRegen  0.2/turn               A - ring of Xuk Pyam {rCorr -Tele rC+++ Str+7 Int-2}

@: invisible
A: permanent stasis, dig shafts and tunnels, four strong arms, antennae 3
a: Dig, Shaft Self


You were on level 8 of the Dungeon.
You were full.

You visited 1 branch of the dungeon, and saw 8 of its levels.
You also visited: Sewer.

You collected 324 gold pieces.
You spent 175 gold pieces at shops.

Inventory:

Hand Weapons
 a - a +0 war axe
 d - a +0 vampiric broad axe (weapon)
 q - a +0 quarterstaff of crushing
 t - a +3 mace
Armour
 b - a +0 scale mail
 c - a +0 shield (worn)
 i - a +2 scale mail of magic resistance (worn)
 j - a +0 pair of gloves (worn)
 y - a +0 pair of boots (worn)
Jewellery
 k - a ring of protection from magic (left hand)
 z - a +4 ring of protection
 A - the ring of Xuk Pyam (right hand) {rCorr -Tele rC+++ Str+7 Int-2}
   (You acquired it on level 7 of the Dungeon)

   [ring of resist corrosion]

   It affects your strength (+7).
   It affects your intelligence (-2).
   It renders you almost immune to cold.
   It prevents most forms of teleportation.
 C - an uncursed ring of positive energy
Scrolls
 e - 4 scrolls of remove curse
 o - a scroll of identify
 B - a scroll of enchant armour {unknown}
 D - 2 scrolls of fear
Potions
 p - a potion of brilliance {unknown}
 r - a potion of resistance {unknown}
 s - a potion of mutation {unknown}
 u - a potion of haste {unknown}
 v - a potion of ambrosia {unknown}
 w - 2 potions of magic
Books
 x - a book of Callings

   Spells                             Type                      Level
   a - Summon Small Mammal            Summoning                    1
   b - Call Imp                       Summoning                    2
   c - Call Canine Familiar           Summoning                    3
   d - Summon Guardian Golem          Hexes/Summoning              3
   e - Summon Lightning Spire         Summoning/Air                4
   f - Summon Ice Beast               Ice/Summoning                4
Comestibles
 g - 2 meat rations
 m - 11 fruits


   Skills:
 * Level 10.0 Fighting
 + Level 6.2 Axes
 + Level 7.1 Armour
 + Level 4.9 Dodging
 + Level 7.9 Shields


You had 9 spell levels left.
You didn't know any spells.

Dungeon Overview and Level Annotations

Branches:
Dungeon (8/15)             Temple (0/1) D:4
   Lair: D:8-11

Altars:
Ashenzari
Elyvilon
The Shining One

Shops:
D:5 *

Annotations:
D:8 Erica


Innate Abilities, Weirdness & Mutations

You cannot be hasted, slowed, berserked, paralysed or teleported.
You can dig through walls and to a lower floor.
Your four strong arms can wield two-handed weapons with a shield.
You have a pair of large antennae on your head. (SInv)


Message History

You are poisoned.
You resist.
* * * LOW HITPOINT WARNING * * *
It was a potion of cancellation.
Your magical effects are unravelling.
You feel magically purged.
You feel less wooden.
Your +0 pair of gloves unmelds from your body.
Your +0 pair of boots unmelds from your body.
Your +2 scale mail of magic resistance unmelds from your body.
You feel resistant to hostile enchantments.
* * * LOW HITPOINT WARNING * * *
You feel sick. Erica misses you.
It was a potion of curing.
You feel better. You block Erica's attack.
It was a potion of invisibility.
You fade into invisibility!
Erica hits you with a scimitar of flaming!
* * * LOW HITPOINT WARNING * * *
Erica burns you.
You die...

###########
..........#
#########.####
#....### ## ####...#
.# ###.####.#
#.@@†..# ##.####.#
#..# .$# #####..#
.... #...@..# .....
............(.._....
##.....###.##....{..
...###. .# ......#
.# ## .


You could see Erica (invisible).

Vanquished Creatures
  Pikel (D:6)
  A troll (D:4)
  Prince Ribbit (D:8)
  Sigmund (D:5)
  A hungry ghost (D:7)
  An orc warrior (D:6)
  2 phantoms
  A sky beast (D:7)
  A black bear (D:6)
  A slave (D:6)
  An ice beast (D:4)
  2 ogres
  A centaur (D:6)
  8 big kobolds (Sewer)
  A bullfrog (D:7)
  A scorpion (D:4)
  4 wights (D:6)
  A howler monkey (D:7)
  A centaur zombie (D:4)
  5 crimson imps
  A hound (D:4)
  2 bullfrog zombies (D:5)
  3 orc priests
  5 orc wizards (D:6)
  A centaur skeleton (D:7)
  3 iguanas
  5 worker ants
  12 adders
  5 river rats
  A shadow imp (D:7)
  5 oozes
  An adder skeleton (D:4)
  6 worms
  3 dart slugs
  4 leopard geckos
  19 orcs
  7 ball pythons
  7 bats
  5 giant cockroaches
  13 goblins
  12 hobgoblins
  6 jackals
  3 quokkas
  4 frilled lizards
  22 kobolds
  16 rats
  A bush (D:6)
208 creatures vanquished.

Notes
Turn   | Place    | Note
-------+----------+-------------------------------------------
     0 | D:1      | MTVSty1e the Formicid Fighter began the quest for the Orb.
     0 | D:1      | Reached XP level 1. HP: 18/18 MP: 1/1
    83 | D:1      | Reached XP level 2. HP: 15/24 MP: 2/2
   618 | D:1      | Reached skill level 1 in Dodging
   631 | D:1      | Reached XP level 3. HP: 29/29 MP: 3/3
   851 | D:2      | Reached XP level 4. HP: 34/37 MP: 4/4
  1106 | D:2      | Reached skill level 4 in Fighting
  1401 | D:2      | Reached XP level 5. HP: 39/42 MP: 5/5
  2035 | D:3      | Reached XP level 6. HP: 17/49 MP: 6/6
  2973 | D:4      | Reached skill level 5 in Fighting
  2980 | D:4      | Found a staircase to the Ecumenical Temple.
  3160 | D:4      | Noticed a troll
  3172 | D:4      | Killed a troll
  3172 | D:4      | Reached skill level 5 in Shields
  3172 | D:4      | Reached XP level 7. HP: 14/56 MP: 7/7
  3746 | D:4      | Reached skill level 6 in Fighting
  3746 | D:4      | Reached XP level 8. HP: 44/64 MP: 8/8
  3931 | D:5      | Entered Level 5 of the Dungeon
  3931 | D:5      | Noticed Sigmund
  3945 | D:4      | Reached skill level 5 in Armour
  4308 | D:5      | Killed Sigmund
  4404 | D:5      | Found Mowniuze's Assorted Antiques.
  4408 | D:5      | Bought a glowing broad axe for 175 gold pieces
  4613 | D:5      | Found a glowing golden altar of the Shining One.
  4748 | D:6      | Reached skill level 7 in Fighting
  4927 | D:6      | Reached XP level 9. HP: 72/72 MP: 9/9
  4945 | D:6      | Found a glowing drain.
  4971 | Sewer    | Entered a sewer
  5013 | Sewer    | Reached skill level 5 in Axes
  5096 | Sewer    | Reached skill level 8 in Fighting
  5758 | D:6      | Reached skill level 9 in Fighting
  6107 | D:6      | Noticed Pikel
  6117 | D:6      | Killed Pikel
  6117 | D:6      | Reached XP level 10. HP: 26/83 MP: 10/10
  6883 | D:7      | Found a white marble altar of Elyvilon.
  7028 | D:7      | Identified a scroll of acquirement
  7031 | D:7      | Got a transparent jade ring
  7035 | D:7      | Identified the ring of Xuk Pyam {rCorr -Tele rC+++ Str+7 Int-2} (You acquired it on level 7 of the Dungeon)
  7493 | D:8      | Noticed Prince Ribbit
  7500 | D:8      | Killed Prince Ribbit
  7500 | D:8      | Reached skill level 10 in Fighting
  7520 | D:8      | Noticed Erica
  7531 | D:8      | Found a shattered altar of Ashenzari.
  7556 | D:8      | HP: 1/85 [Erica/scimitar of flaming (13)]
  7556 | D:8      | Slain by Erica

Vault maps used:
D:1:      mrwooster_arrival_statue_2, lemuel_another_geyser
D:3:      minmay_wonky_spiral
D:4:      minmay_temple_entry_trees
D:5:      nicolae_tso_carved_into_rock, serial_shops, nicolae_shop_stone,
          first_bread, uniq_sigmund
D:6:      portal_sewer_entry_a, kb_lookout_dungeons_type, uniq_pikel
D:7:      elyvilon_altar_4
D:8:      cheibrodos_iron_armory, serial_shops, shop, basic_altar, uniq_erica,
          uniq_gastronok, uniq_prince_ribbit1
Sewer:    sewer_co_tree

Skill      XL: |  1  2  3  4  5  6  7  8  9 10 |
---------------+-------------------------------+-----
Dodging        | 1 2 3 4 |  4.9
Shields        | 4 5 6 7 |  7.9
Fighting       | 4 5 6 7 9 10 | 10.0
Axes           | 3 4 5 6 |  6.2
Armour         | 4 5 6 7 |  7.1

Action                   |  1- 3 |  4- 6 |  7- 9 | 10-12 || total
-------------------------+-------+-------+-------+-------++-------
Melee: War axe           |   105 |   291 |   109 |       ||   505
       Broad axe         |       |       |   328 |    97 ||   425
 Abil: Dig               |     3 |       |       |       ||     3
  Use: Scroll            |       |     6 |     7 |     1 ||    14
       Potion            |       |     2 |     4 |     4 ||    10
  Eat: Bread ration      |     1 |       |     1 |       ||     2
       Royal jelly       |       |     2 |     1 |     1 ||     4
       Chunk             |       |     1 |     3 |       ||     4
       Meat ration       |       |       |     1 |     2 ||     3
       Fruit             |       |       |     1 |       ||     1
Armor: Scale mail        |    49 |   102 |   189 |    22 ||   362
       Skin              |       |    17 |     8 |     8 ||    33
Dodge: Dodged            |    48 |    96 |   171 |    27 ||   342
Block: Shield            |    76 |   161 |   264 |    47 ||   548
